 Dungeon Crawl Stone Soup version 0.29.1-15-g9cfb28693d (webtiles) character file.

Game seed: 10025501716794879064

329 protoss039 the Digger (level 6, 47/47 HPs)
             Began as a Demonspawn Earth Elementalist on Mar 12, 2023.
             Got out of the dungeon alive.
             The game lasted 00:03:51 (4069 turns).

protoss039 the Digger (DsEE)                        Turns: 4069, Time: 00:03:52

Health: 47/47      AC:  8    Str:  8    XL:     6   Next: 25%
Magic:  11/11      EV: 11    Int: 19    God:
Gold:   198        SH:  0    Dex: 13    Spells: 6/12 levels left

rFire   . . .      SeeInvis +   x - +2 short sword (venom)
rCold   . . .      Faith    .   (no shield)
rNeg    . . .      Spirit   .   q - +0 leather armour
rPois   .          Reflect  .   (helmet restricted)
rElec   .          Harm     .   z - +1 cloak
rCorr   .          Rampage  .   (no gloves)
Will    .....                   m - +0 pair of boots
Stlth   ++........              (no amulet)
HPRegen 0.15/turn               j - ring of see invisible
MPRegen 0.12/turn               (no ring)

@: no status effects
A: horns 1, molten scales 1, demonic magic 2
a: no special abilities


You escaped.
You visited 1 branch of the dungeon, and saw 4 of its levels.

You collected 198 gold pieces.

Inventory:

Hand Weapons
 i - a +0 dagger of electrocution
 x - a +2 short sword of venom (weapon)
Armour
 m - a +0 pair of boots (worn)
 q - a +0 leather armour (worn)
 z - a +1 cloak (worn)
Jewellery
 j - a ring of see invisible (left hand)
Wands
 p - a wand of flame (11)
Scrolls
 c - a scroll of noise {unknown}
 d - a scroll of blinking {unknown}
 e - 3 scrolls of enchant armour
 f - a scroll of amnesia {unknown}
 g - 5 scrolls of identify {unknown}
 h - 4 scrolls of teleportation {unknown}
 n - 5 scrolls of magic mapping {unknown}
 r - 2 scrolls of fear {unknown}
 t - a scroll of silence {unknown}
 y - a scroll of summoning {unknown}
 A - 2 scrolls of vulnerability {unknown}
Potions
 a - 2 potions of might {unknown}
 b - 2 potions of magic
 k - 5 potions of resistance {unknown}
 l - 2 potions of berserk rage {unknown}
 o - a potion of cancellation {unknown}
 s - a potion of attraction {unknown}
 u - 3 potions of curing {unknown}
 v - a potion of flight {unknown}
 w - 2 potions of invisibility {unknown}
 B - a potion of ambrosia {unknown}
 C - a potion of lignification {unknown}


   Skills:
 + Level 3.4 Fighting
 - Level 1.7 Dodging
 - Level 1.7 Stealth
 + Level 3.9 Spellcasting
 - Level 0.8 Transmutations
 + Level 4.2 Earth Magic


You had 6 spell levels left.
You knew the following spells:

 Your Spells              Type           Power      Damage    Failure   Level
a - Sandblast             Erth           38%        2d10      3%          1
b - Passwall              Tmut/Erth      10%        N/A       11%         2
c - Stone Arrow           Conj/Erth      22%        3d8       26%         3

Your spell library contained the following spells:

 Spells                   Type           Power      Damage    Failure   Level
 Shock                    Conj/Air       12%        1d3       21%         1
 Swiftness                Air            3%         N/A       52%         3
 Petrify                  Tmut/Erth      13%        N/A       56%         4
 Airstrike                Air            1%         2d(1-17)  90%         4
 Animate Dead             Necr           3%         N/A       90%         4
 Borgnjor's Vile Clutch   Necr/Erth      5%         N/A       93%         5
 Alistair's Intoxication  Tmut/Pois      3%         N/A       99%         5
 Eringya's Noxious Bog    Tmut/Pois      2%         N/A       100%        6
 Haunt                    Necr/Summ      1%         N/A       100%        7
 Infestation              Necr           1%         N/A       100%        8


Dungeon Overview and Level Annotations

Branches:
Dungeon (4/15) Zot: 19890
 Temple: D:4-7

Altars:


Innate Abilities, Weirdness & Mutations

You have a pair of small horns on your head.
You are partially covered in molten scales. (AC +2)
Spells you cast may paralyse nearby enemies.


Message History

Aim: a black bear (almost dead, berserk, extremely poisoned, 87% to hit)
The blast of sand hits the black bear but does no damage.
The black bear is almost dead.
Malevolent energies surge around you.
The black bear bites you but does no damage.
The black bear claws you but does no damage. x2
The black bear barely misses you.
The black bear claws you but does no damage.
The black bear claws you.
Unknown command.
Casting: Sandblast (safe; 4% risk of failure)
Confirm with . or Enter, or press ? or * to list all spells.
Aiming: Sandblast (safe; 4% risk of failure)
Press: ? - help, Shift-Dir - straight line, f/p - black bear
Aim: a black bear (almost dead, berserk, extremely poisoned, 87% to hit)
The blast of sand hits the black bear!
You kill the black bear!
Malevolent energies surge around you.
You have reached level 6!
Your demonic ancestry asserts itself...
A pair of horns grows on your head!
There is an open door here.
As you open the door, it creaks loudly!
Unknown command.
(D) Dungeon
Where to? (Enter - D:3 @ (x,y), ? - help)
What level of the Dungeon? (default 1, ? - help)
There is an open door here.
There is a stone staircase leading up here.
You climb upwards.
There is a stone staircase leading down here.
There is a stone staircase leading up here.
You climb upwards.
There is a stone staircase leading down here.
There is a stone staircase leading up here.
You climb upwards.
There is a stone staircase leading down here.
There is a staircase leading out of the dungeon here.
Are you sure you want to leave the Dungeon?
This will make you lose the game!
You have escaped!

.....#.#####...#.#
.....#.#...#.#.#.#
.....#.#.#.###...#
.....#.#.#.#.#.#.#
.##.##.#.#.#P#.#.#
###....#.#.#.#.'##
######.#.#.#...#
#...#...#.###
#.#.#'###.#@#
#.#.#.....#.#
#.#P#.###...#
#.#.#...#.#.#
#.#####.#.#.#
#.......#...#
#############


There were no monsters in sight!

Vanquished Creatures
  A black bear (D:4)
  A scorpion (D:4)
  2 iguanas (D:4)
  4 adders
  A worm (D:3)
  3 dart slugs
  An orc (D:3)
  9 ball pythons
  6 bats
  6 endoplasms
  4 giant cockroaches
  5 goblins
  7 hobgoblins
  7 jackals
  7 quokkas
  A frilled lizard (D:3)
  6 kobolds
  7 rats
78 creatures vanquished.

Notes
Turn   | Place    | Note
-------+----------+-------------------------------------------
     0 | D:1      | protoss039 the Demonspawn Earth Elementalist began the
                  | quest for the Orb.
     0 | D:1      | Reached XP level 1. HP: 13/13 MP: 3/3
   308 | D:1      | Gained mutation: You are partially covered in molten
                  | scales. (AC +2) [demonic ancestry]
   308 | D:1      | Reached XP level 2. HP: 20/20 MP: 3/5
   392 | D:1      | Reached skill level 1 in Fighting
   583 | D:1      | Reached skill level 3 in Earth Magic
   855 | D:1      | Found a faded altar of an unknown god.
  1314 | D:1      | Learned a level 2 spell: Passwall
  1352 | D:2      | Gained mutation: Spells you cast may paralyse adjacent
                  | enemies. [demonic ancestry]
  1352 | D:2      | Reached XP level 3. HP: 26/26 MP: 3/6
  1905 | D:2      | Learned a level 3 spell: Stone Arrow
  2305 | D:3      | Reached XP level 4. HP: 31/33 MP: 8/8
  3289 | D:4      | Gained mutation: Spells you cast may paralyse nearby
                  | enemies. [demonic ancestry]
  3289 | D:4      | Reached XP level 5. HP: 29/39 MP: 6/9
  3571 | D:4      | Reached skill level 4 in Earth Magic
  3923 | D:4      | Noticed a black bear
  3930 | D:4      | Killed a black bear
  3931 | D:4      | Gained mutation: You have a pair of small horns on your
                  | head. [demonic ancestry]
  3931 | D:4      | Reached XP level 6. HP: 45/47 MP: 8/11
  4069 | D:$      | Got out of the dungeon alive.

Illustrated notes

Levels and vault maps discovered:
D:1:      onia_arrival_mini_maze_b, layout_basic,
          shapermc_ecumenical_altar_pompeii, minmay_curled_crystal,
          grunt_decor_mini_mirrors, corexii_item_surrounded_by_moat,
          kennysheep_crisscross, minmay_misc_feat_secret_circle,
          hangedman_decor_riveting
D:2:      layout_rooms, minivault_14
D:3:      minmay_thinvault, layout_basic
D:4:      layout_gridville

Skill      XL: |  1  2  3  4  5 |
---------------+----------------+-----
Fighting       | 1 2 3 |  3.4
Earth Magic    | 3 4 |  4.2
Spellcasting   | 3 |  3.9
Dodging        | |  1.7
Stealth        | |  1.7
Transmutations | |  0.8

Action                   |  1- 3 |  4- 6 || total
-------------------------+-------+-------++-------
Melee: Club              |     3 |       ||     3
       Dagger            |    51 |       ||    51
       Short sword       |     6 |    85 ||    91
 Cast: Sandblast         |    48 |    15 ||    63
  Use: Scroll            |       |     1 ||     1
 Stab: Sleeping          |     2 |     3 ||     5
Armor: Robe              |    20 |       ||    20
       Leather armour    |    13 |    61 ||    74
Dodge: Dodged            |    45 |    80 ||   125
